 Dungeon Crawl Stone Soup version 0.25.1-2-g60ff931df9 (webtiles) character file.

Game seed: 11055429753688751065

9849 tensugalgo the Severer (level 11, -4/51 HPs)
             Began as a Vine Stalker Fighter on Sept 24, 2020.
             Was a High Priest of Uskayaw.
             Slain by an ogre
             ... wielding a +0 giant club
              (12 damage)
             ... on level 1 of the Orcish Mines.
             The game lasted 00:17:21 (8710 turns).

tensugalgo the Severer (Vine Stalker Fighter)       Turns: 8710, Time: 00:17:22

Health: -4/51      AC: 14    Str: 22    XL:     11   Next: 52%
Magic:  0/21       EV: 11    Int:  8    God:    Uskayaw [*****.]
Gold:   685        SH:  9    Dex: 14    Spells: 10/10 levels left

rFire    . . .     SeeInvis .   D - +2 war axe (flame)
rCold    . . .     Gourm    .   c - +0 kite shield
rNeg     . . .     Faith    .   M - +5 scale mail of Dice, Bag, and Bottle {MP+9}
rPois    .         Spirit   +   k - +0 helmet
rElec    .         Reflect  .   t - +0 cloak
rCorr    .         Harm     .   (no gloves)
MR       +....                  g - +0 pair of boots
Stlth    ..........             (no amulet)
HPRegen  0.57/turn              s - +4 ring of evasion
MPRegen  0.17/turn              C - ring of wizardry

@: very slightly contaminated
A: fangs 3, regeneration 1, magic shield, antimagic bite, no potion heal 3, rot
immunity
a: Stomp, Line Pass, Grand Finale, Renounce Religion


You were on level 1 of the Orcish Mines.
You worshipped Uskayaw.
Uskayaw was noncommittal.
You were not hungry.

You visited 2 branches of the dungeon, and saw 12 of its levels.

You collected 685 gold pieces.

Inventory:

Hand Weapons
 a - a +0 war axe
 D - a +2 war axe of flaming (weapon)
Missiles
 l - 59 poisoned darts (quivered)
 n - 8 datura-tipped darts
 F - 3 throwing nets
Armour
 c - a +0 kite shield (worn)
 g - a +0 pair of boots (worn)
 h - a +1 leather armour of poison resistance
 k - a +0 helmet (worn)
 t - a +0 cloak (worn)
 I - +0 steam dragon scales
 M - the +5 scale mail of Dice, Bag, and Bottle (worn) {MP+9}
   (You found it on level 9 of the Dungeon)

   It affects your magic capacity (+9).
Jewellery
 s - a +4 ring of evasion (left hand)
 C - a ring of wizardry (right hand)
Wands
 m - a wand of flame (16)
 x - a wand of digging (2)
 K - a wand of acid (7)
Scrolls
 j - 3 scrolls of magic mapping {unknown}
 o - a scroll of fear {unknown}
 q - 5 scrolls of teleportation {unknown}
 u - a scroll of enchant weapon {unknown}
 v - 5 scrolls of immolation {unknown}
 w - 2 scrolls of fog {unknown}
 y - 3 scrolls of remove curse {unknown}
 B - 3 scrolls of enchant armour {unknown}
 G - a scroll of noise {unknown}
Potions
 d - a potion of might
 e - 2 potions of berserk rage {unknown}
 p - a potion of stabbing
 r - 8 potions of curing
 z - 4 potions of magic
 A - a potion of brilliance
 E - a potion of mutation
 H - 2 potions of flight
Comestibles
 b - 11 chunks of flesh
 f - 24 rations


   Skills:
 - Level 2.6 Fighting
 + Level 15.5 Axes
 - Level 2.4 Armour
 - Level 2.6 Shields


You had 10 spell levels left.
You didn't know any spells.
Your spell library contained the following spells:

 Spells                   Type           Power        Failure   Level  Hunger
 Animate Skeleton         Necr           N/A          89%         1    ##.....
 Freeze                   Ice            #...         89%         1    ##.....
 Magic Dart               Conj           #...         89%         1    ##.....
 Pain                     Necr           #...         89%         1    ##.....
 Summon Small Mammal      Summ           #...         89%         1    ##.....
 Blink                    Tloc           N/A          96%         2    ###....
 Call Imp                 Summ           #.......     96%         2    ###....
 Slow                     Hex            #.......     96%         2    ###....
 Call Canine Familiar     Summ           #.......     99%         3    ####...
 Confusing Touch          Hex            #.......     99%         3    ####...
 Conjure Flame            Conj/Fire      #.......     99%         3    ####...
 Frozen Ramparts          Ice            #.....       99%         3    ####...
 Gell's Gravitas          Tloc           #.........   99%         3    ####...
 Mephitic Cloud           Conj/Pois/Air  #.......     99%         3    ####...
 Ozocubu's Armour         Chrm/Ice       #.......     99%         3    ####...
 Summon Guardian Golem    Hex/Summ       #.......     99%         3    ####...
 Vampiric Draining        Necr           #.........   99%         3    ####...
 Animate Dead             Necr           N/A          100%        4    #####..
 Hailstorm                Conj/Ice       #.......     100%        4    #####..
 Petrify                  Tmut/Erth      #.......     100%        4    #####..
 Summon Ice Beast         Ice/Summ       #.......     100%        4    #####..
 Summon Lightning Spire   Summ/Air       #.......     100%        4    #####..
 Agony                    Necr           #.......     100%        5    ######.
 Metabolic Englaciation   Hex/Ice        #.........   100%        5    ######.
 Yara's Violent Unravell  Hex/Tmut       #.........   100%        5    ######.


Dungeon Overview and Level Annotations

Branches:
Dungeon (10/15)            Temple (0/1) D:5            Lair (0/6) D:10
    Orc (2/2) D:10
    Elf: Orc:2

Altars:
Cheibriados
Elyvilon
Fedhas
Gozag
Qazlal
Sif Muna
Trog
Uskayaw
Wu Jian
The Shining One

Shops:
D:9 =(}

Portals:
Abyss: D:6

Annotations:
D:6 1 transporter, lllmatko's ghost, novice HOMo
Orc:1 Nergalle


Innate Abilities, Weirdness & Mutations

You have razor-sharp teeth.
Your natural rate of healing is unusually fast.
When hurt, damage is shared between your health and your magic reserves.
Your bite disrupts and absorbs the magic of your enemies.
Potions cannot restore your health.
You are immune to rotting.


Message History

Nergalle shouts!
The orc warrior shouts!
The orc shouts!
The orc priest shouts!
An ogre comes into view. It is wielding a +0 giant club.
An orc comes into view. It is wielding a +0 whip.
Found 62 gold pieces.
There is a stone staircase leading down here.
Okay, then.
Unknown command.
The orc shouts!
You slash the orc! You burn the orc.
You kill the orc!
You slash the orc! You burn the orc.
You kill the orc!
You slash the ogre! You burn the ogre. You hit the orc. You burn the orc.
You kill the orc!
You hit the orc. You burn the orc.
You kill the orc!
Nergalle points at you and mumbles some strange words.
Orcish apparitions take form around you.
The ogre hits you with a +0 giant club!
You die...

## #
##.#.#....#...
.....$.......
.##.#..o.....#
............. .
. ....o.o.....
#..#..$o..#.#..
...............
##
..o...)@).....#
.#
..#...O))Z##..#
## #..ZZ#..# #
...#... ...#
..#.... .....
## $#.....
#....# .###
##.... ...#.#
...## ###..
...... ....#


You could see Nergalle, 2 spectral orc warriors, a spectral orc knight
(summoned), an orc warrior, an ogre, an orc priest and 2 orcs.

Vanquished Creatures
  Erolcha (Orc:1)
  Harold (D:9)
  Pikel (D:6)
  An orc sorcerer (Orc:1)
  Maggie (D:6)
  2 trolls
  2 hippogriffs
  Sigmund (D:5)
  Eustachio (D:6)
  A hungry ghost (D:9)
  Edmund (D:6)
  15 orc warriors
  A sky beast (D:7)
  A black bear (D:7)
  4 ice beasts
  2 phantoms
  A necrophage (D:9)
  An ogre (D:5)
  4 centaurs
  Blork the orc (D:6)
  4 bullfrogs
  15 killer bees
  A howler monkey (D:2)
  9 wights
  3 electric eels (D:10)
  A bullfrog zombie (D:7)
  A centaur skeleton (D:8)
  2 hounds
  6 jellies
  Crazy Yiuf (D:2)
  9 orc priests
  A bullfrog skeleton (D:5)
  15 orc wizards
  A gnoll shaman (D:7)
  10 worker ants
  Natasha (thrice) (D:3)
  2 iguanas (D:7)
  2 hound zombies (D:8)
  A hound skeleton (D:5)
  Robin (D:2)
  A howler monkey zombie (D:5)
  A worker ant zombie (D:7)
  7 gnolls
  10 adders
  2 shadow imps
  8 oozes
  An adder skeleton (D:10)
  3 worms
  7 dart slugs
  7 leopard geckos
  78 orcs
  6 giant cockroaches
  11 goblins
  8 hobgoblins
  2 jackals (D:3)
  4 quokkas
  6 bats
  5 frilled lizards
  2 giant cockroach zombies
  10 kobolds
  5 rats
315 creatures vanquished.

Vanquished Creatures (collateral kills)
  An orc (D:9)
1 creature vanquished.

Vanquished Creatures (others)
  An orc (D:9)
1 creature vanquished.

Grand Total: 317 creatures vanquished

Notes
Turn   | Place    | Note
-------+----------+-------------------------------------------
     0 | D:1      | tensugalgo the Vine Stalker Fighter began the quest for the
                  | Orb.
     0 | D:1      | Reached XP level 1. HP: 11/11 MP: 2/2
    21 | D:1      | Reached skill level 2 in Axes
   289 | D:1      | Reached XP level 2. HP: 14/16 MP: 3/3
   775 | D:1      | Reached skill level 3 in Axes
   845 | D:1      | Reached XP level 3. HP: 14/19 MP: 2/4
  1573 | D:2      | Noticed Robin
  1584 | D:2      | Found a runed translucent door.
  1585 | D:2      | Noticed Crazy Yiuf
  1594 | D:2      | Killed Robin
  1594 | D:2      | Gained mutation: Your natural rate of healing is unusually
                  | fast. [Vine Stalker growth]
  1594 | D:2      | Reached XP level 4. HP: 5/23 MP: 2/5
  1745 | D:2      | Reached skill level 4 in Axes
  1952 | D:2      | Reached XP level 5. HP: 23/27 MP: 6/6
  2192 | D:2      | Killed Crazy Yiuf
  2192 | D:2      | Reached skill level 5 in Axes
  2277 | D:3      | Noticed Natasha
  2292 | D:3      | Killed Natasha
  2312 | D:3      | Reached XP level 6. HP: 31/32 MP: 7/7
  2432 | D:3      | Noticed Natasha
  2437 | D:3      | Killed Natasha
  2460 | D:3      | Noticed Natasha
  2464 | D:3      | Killed Natasha
  2464 | D:3      | Reached skill level 6 in Axes
  3041 | D:4      | Found a shimmering blue altar of Sif Muna.
  3042 | D:4      | Found a blossoming altar of Fedhas.
  3045 | D:4      | Found a stormy altar of Qazlal.
  3047 | D:4      | Found a hide-covered altar of Uskayaw.
  3047 | D:4      | Found a white marble altar of Elyvilon.
  3049 | D:4      | Found a glowing golden altar of the Shining One.
  3052 | D:4      | Found an opulent altar of Gozag.
  3055 | D:4      | Became a worshipper of Uskayaw the Reveler
  3149 | D:4      | Reached * piety under Uskayaw
  3150 | D:4      | Reached ** piety under Uskayaw
  3462 | D:5      | Entered Level 5 of the Dungeon
  3462 | D:5      | Noticed Sigmund
  3465 | D:5      | Killed Sigmund
  3465 | D:5      | Reached skill level 7 in Axes
  3465 | D:5      | Reached XP level 7. HP: 35/35 MP: 8/8
  3683 | D:5      | Reached *** piety under Uskayaw
  3816 | D:5      | Found a stormy altar of Qazlal.
  3868 | D:5      | Reached skill level 8 in Axes
  3900 | D:5      | Found a staircase to the Ecumenical Temple.
  4396 | D:6      | Gained mutation: You have razor-sharp teeth. [Vine Stalker
                  | growth]
  4396 | D:6      | Reached XP level 8. HP: 36/39 MP: 9/9
  4492 | D:6      | Noticed Blork the orc
  4500 | D:6      | Killed Blork the orc
  4504 | D:6      | Reached skill level 9 in Axes
  4504 | D:6      | Reached **** piety under Uskayaw
  4548 | D:6      | Noticed Maggie
  4556 | D:6      | Killed Maggie
  4675 | D:6      | You fall into a shaft and drop 3 floors!
  4675 | D:9      | Found an ornate altar of the Wu Jian Council.
  4675 | D:9      | Found a bloodstained altar of Trog.
  4675 | D:9      | Found a snail-covered altar of Cheibriados.
  4691 | D:9      | Reached skill level 10 in Axes
  4696 | D:9      | Reached ***** piety under Uskayaw
  4698 | D:9      | Noticed Harold
  4724 | D:9      | Killed Harold
  4724 | D:9      | Reached skill level 11 in Axes
  4724 | D:9      | Reached XP level 9. HP: 42/43 MP: 10/10
  4751 | D:9      | Found Bekhluidd's Jewellery Shoppe.
  4977 | D:8      | Reached skill level 12 in Axes
  5025 | D:8      | Found a stormy altar of Qazlal.
  5179 | D:7      | Reached XP level 10. HP: 42/47 MP: 8/11
  5323 | D:6      | Noticed Edmund
  5338 | D:6      | Killed Edmund
  5368 | D:6      | Found a transporter.
  5370 | D:6      | Identified the +5 war axe "Worm" {distort, rElec Int+2}
  5378 | D:6      | Found a one-way gate to the infinite horrors of the Abyss.
  5378 | D:6      | Noticed lllmatko's ghost (novice HOMo)
  5426 | D:6      | Noticed Pikel
  5435 | D:6      | Killed Pikel
  5435 | D:6      | Reached skill level 13 in Axes
  5801 | D:6      | Noticed Eustachio
  5808 | D:6      | Killed Eustachio
  6934 | D:9      | Found Pest's Weapon Boutique.
  7016 | D:9      | Found Jemob's Gadget Shop.
  7102 | D:9      | Reached skill level 14 in Axes
  7283 | D:9      | Got a transparent scale mail
  7293 | D:9      | Identified the +5 scale mail of Dice, Bag, and Bottle
                  | {MP+9} (You found it on level 9 of the Dungeon)
  7688 | D:10     | Entered Level 10 of the Dungeon
  7700 | D:10     | Reached XP level 11. HP: 47/51 MP: 12/12
  7928 | D:10     | Found a staircase to the Lair.
  8367 | D:10     | Found a staircase to the Orcish Mines.
  8397 | Orc:1    | Entered Level 1 of the Orcish Mines
  8400 | Orc:1    | Noticed Erolcha
  8414 | Orc:1    | Reached skill level 15 in Axes
  8417 | Orc:1    | Killed Erolcha
  8592 | Orc:1    | Noticed an orc sorcerer
  8610 | Orc:1    | Killed an orc sorcerer
  8626 | Orc:1    | You fall into a shaft and drop 1 floor!
  8626 | Orc:2    | Entered Level 2 of the Orcish Mines
  8685 | Orc:2    | Noticed a stone giant
  8709 | Orc:1    | Noticed Nergalle
  8710 | Orc:1    | Slain by an ogre

Illustrated notes

Levels and vault maps discovered:
D:1:      lightli_arrival_lavapool, layout_basic
D:2:      layout_basic, first_ration, uniq_robin, uniq_crazy_yiuf_cottage
D:3:      layout_basic, uniq_natasha
D:4:      layout_basic, minitemple, minmay_door_square
D:5:      minmay_general_purpose_star, layout_loops_cross,
          minmay_temple_entry_gardened_gates, basic_altar, uniq_sigmund
D:6:      layout_basic, gammafunk_ghost_abyssal_escape, uniq_edmund, uniq_pikel,
          uniq_maggie, uniq_eustachio, uniq_blork_the_orc
D:7:      layout_cave_pools
D:8:      layout_loops_ring, basic_altar
D:9:      layout_loops_ring, grunt_temple_overflow_open, serial_shops, shop,
          shop_coins, nicolae_shop_window_shopping, uniq_harold
D:10:     layout_rooms, lair_entry_dummy, erik_orc_2,
          hangedman_little_slice_of_home, chequers_serial_rivers_small_3
Orc:1:    layout_caves, mines2_lemuel, uniq_nergalle, uniq_erolcha
Orc:2:    pubby_orc_utopia, serial_shops

Skill      XL: |  1  2  3  4  5  6  7  8  9 10 11 |
---------------+----------------------------------+-----
Axes           | 2 3 4 5 7 8 11 12 14 15 | 15.5
Fighting       | |  2.6
Armour         | |  2.4
Shields        | |  2.6

Action                   |  1- 3 |  4- 6 |  7- 9 | 10-12 || total
-------------------------+-------+-------+-------+-------++-------
Melee: War axe           |   117 |   179 |   213 |   343 ||   852
       Bite              |    30 |    43 |    63 |    89 ||   225
Throw: Dart              |       |       |    10 |     4 ||    14
       Throwing net      |       |       |       |     2 ||     2
Evoke: Wand              |       |       |       |    14 ||    14
  Use: Scroll            |       |       |       |     8 ||     8
 Stab: Paralysed         |       |       |     9 |    35 ||    44
       Sleeping          |       |       |       |     1 ||     1
  Eat: Chunk             |     2 |     6 |     7 |    11 ||    26
Armor: Scale mail        |    53 |    61 |    59 |    44 ||   217
       Steam dragon scal |       |       |       |    19 ||    19
Dodge: Dodged            |    34 |    68 |    79 |   107 ||   288
Block: Kite shield       |    80 |    95 |   105 |   123 ||   403
